 Dungeon Crawl Stone Soup version 0.29.1-15-g9cfb28693d (webtiles) character file.

Game seed: 617456932038597871

2552 EarthwalkerPL the Fighter (level 9, -5/83 HPs)
             Began as a Minotaur Fighter on Mar 28, 2023.
             Slain by an orc warrior
             ... wielding a +0 trident
              (20 damage)
             ... on level 7 of the Dungeon.
             The game lasted 00:10:13 (6936 turns).

EarthwalkerPL the Fighter (Minotaur Fighter)        Turns: 6936, Time: 00:10:14

Health: -5/83      AC: 19    Str: 25    XL:     9   Next: 31%
Magic:  8/8        EV:  8    Int: 11    God:
Gold:   483        SH:  5    Dex: 10    Spells: 8/8 levels left

rFire   . . .      SeeInvis .   a - +0 war axe
rCold   + . .      Faith    .   c - +0 buckler
rNeg    . . .      Spirit   .   r - +1 chain mail {rC+}
rPois   .          Reflect  .   (helmet restricted)
rElec   .          Harm     .   x - scarf {repulsion}
rCorr   .          Rampage  .   e - +0 pair of gloves
Will    .....                   v - +0 pair of boots
Stlth   ..........              H - amulet of regeneration
HPRegen 1.03/turn               u - +4 ring of protection
MPRegen 0.11/turn               F - +6 ring of intelligence

@: repel missiles
A: horns 2, retaliatory headbutt
a: no special abilities


You were on level 7 of the Dungeon.
You visited 2 branches of the dungeon, and saw 8 of its levels.
You also visited: Sewer.

You collected 483 gold pieces.

Inventory:

Hand Weapons
 a - a +0 war axe (weapon)
Missiles
 j - 11 poisoned darts (quivered)
 t - a throwing net
 y - a curare-tipped dart
 L - 5 boomerangs
Armour
 c - a +0 buckler (worn)
 e - a +0 pair of gloves (worn)
 f - a +0 plate armour
 m - a +0 cloak
 r - a +1 chain mail of cold resistance (worn)
 v - a +0 pair of boots (worn)
 x - a scarf of repulsion (worn)
Jewellery
 u - a +4 ring of protection (left hand)
 F - a +6 ring of intelligence (right hand)
 H - an amulet of regeneration (around neck)
Wands
 A - a wand of iceblast (17)
 E - a wand of charming (8)
Scrolls
 g - 3 scrolls of poison
 h - a scroll of summoning {unknown}
 i - 3 scrolls of teleportation
 k - 4 scrolls of vulnerability
 n - a scroll of silence {unknown}
 p - 3 scrolls of butterflies {unknown}
 q - a scroll of noise {unknown}
 B - 2 scrolls of enchant armour {unknown}
 C - 2 scrolls of identify
 G - a scroll of magic mapping {unknown}
 I - 2 scrolls of brand weapon {unknown}
Potions
 b - a potion of cancellation {unknown}
 d - a potion of might
 l - 3 potions of haste
 o - a potion of lignification
 s - a potion of brilliance {unknown}
 w - a potion of heal wounds {unknown}
 z - 2 potions of magic {unknown}
 D - 2 potions of attraction {unknown}
 J - a potion of degeneration {unknown}
 K - a potion of flight {unknown}


   Skills:
 * Level 9.0 Fighting
 * Level 8.5 Axes
 * Level 8.9 Armour
 + Level 6.8 Shields


You had 8 spell levels left.
You didn't know any spells.
Your spell library was empty.

Dungeon Overview and Level Annotations

Branches:
Dungeon (7/15)             Temple (1/1) D:6           Sewer (visited)

Altars:
Ashenzari
Cheibriados
Elyvilon
Fedhas
Gozag
Kikubaaqudgha
Makhleb
Nemelex Xobeh
Qazlal
Sif Muna
Trog
Uskayaw
Vehumet
Wu Jian
Xom
Zin
The Shining One


Innate Abilities, Weirdness & Mutations

You have a pair of horns on your head.
You reflexively headbutt those who attack you in melee.


Message History

The orc warrior is lightly wounded.
The orc warrior hits you with a +0 trident!!
You block the orc's attack.
An orc wizard comes into view. It is wielding a +0 dagger.
You are too injured to fight recklessly!
You are too injured to fight recklessly!
You are too injured to fight recklessly!
Unknown command.
You are too injured to fight recklessly!
You hit the orc warrior but do no damage.
You headbutt the orc warrior, but do no damage.
The orc warrior is lightly wounded.
You hit the orc. You block the orc warrior's attack.
The orc completely misses you.
Unknown command.
You barely miss the orc warrior. Your headbutt misses the orc warrior.
The orc warrior is lightly wounded.
You slash the orc!
You kill the orc!
The orc warrior hits you but does no damage.
You barely miss the orc warrior.
You headbutt the orc warrior, but do no damage.
The orc warrior is lightly wounded.
You slash the orc wizard!
The orc warrior hits you but does no damage.
The orc wizard barely misses you.
Unknown command.
You slash the orc warrior! You headbutt the orc warrior!
The orc warrior is severely wounded.
You hit the orc wizard.
The orc warrior hits you with a +0 trident!!
* * * LOW HITPOINT WARNING * * *
The orc wizard casts a spell.
The orc wizard flickers and vanishes!
Deactivating autopickup; reactivate with Ctrl-A.
You barely miss the orc warrior.
The orc warrior is severely wounded.
You miss something.
The orc warrior hits you with a +0 trident!!
You die...

............###.....##.#..##.#..#
......#.............#.##..#.##..#
............#..#####....##....##.
..>..##............#.##..#.##..#.
####....#...###.###..##.#).##.#..
# ####.....###.####....##....##.
######...#....#.##..##.#..##.#..#
....##...##.#.#{#...#.##..#.##..#
..#..#....#.#..o@)##....##....##.
........#.#.##.##..#.##..#.##..#.
#.#.......#..#....#..##.#..##.#..
..##.##...##......##....##....##.
............).).....##.#..##.#..#
...#....#...........#.##..#.##..#
##................###...#...#####
#.................# ###.##.)#
#.................### #.###.#


You could see an orc warrior (strong).

Vanquished Creatures
  A wyvern (D:7)
  Edmund (D:6)
  An orc warrior (D:7)
  2 ice beasts
  2 bullfrogs
  2 kobold brigands (Sewer)
  3 necrophages
  2 gnoll sergeants (D:5)
  A scorpion (D:6)
  4 killer bees (D:7)
  2 howler monkeys (D:6)
  6 orc priests
  5 hounds
  Terence (D:3)
  2 iguanas (D:5)
  12 orc wizards
  A mummy (D:4)
  Robin (D:2)
  12 gnolls
  11 adders
  A river rat (Sewer)
  2 shadow imps
  3 white imps
  5 worms
  A dart slug (D:1)
  24 orcs
  7 endoplasms
  4 giant cockroaches
  15 goblins
  9 hobgoblins
  A quokka (D:5)
  12 ball pythons
  2 bats
  3 frilled lizards
  7 kobolds
  15 rats
183 creatures vanquished.

Notes
Turn   | Place    | Note
-------+----------+-------------------------------------------
     0 | D:1      | EarthwalkerPL the Minotaur Fighter began the quest for the
                  | Orb.
     0 | D:1      | Reached XP level 1. HP: 19/19 MP: 0/0
   312 | D:1      | Reached XP level 2. HP: 27/27 MP: 1/1
   770 | D:1      | Reached skill level 4 in Fighting
   825 | D:2      | Found a snail-covered altar of Cheibriados.
   836 | D:2      | Reached XP level 3. HP: 31/33 MP: 2/2
   893 | D:2      | You fall into a shaft and drop 1 floor!
  1044 | D:2      | Noticed Robin
  1063 | D:2      | Killed Robin
  1066 | D:2      | Reached XP level 4. HP: 17/41 MP: 3/3
  1609 | D:3      | Noticed Terence
  1616 | D:3      | Killed Terence
  1716 | D:3      | Reached XP level 5. HP: 35/47 MP: 4/4
  1852 | D:3      | Identified the +5 short sword of the Beginning {holy,
                  | Int+2}
  1975 | D:3      | Reached skill level 5 in Fighting
  1975 | D:3      | Reached skill level 5 in Armour
  2205 | D:3      | Found a bloodstained altar of Trog.
  2447 | D:4      | Found a radiant altar of Vehumet.
  2471 | D:4      | Found a snail-covered altar of Cheibriados.
  2497 | D:4      | Reached XP level 6. HP: 49/56 MP: 5/5
  2731 | D:4      | Found a glowing drain.
  2735 | Sewer    | Entered a sewer
  3058 | Sewer    | Reached skill level 5 in Axes
  3322 | Sewer    | Reached skill level 6 in Fighting
  3322 | Sewer    | Reached XP level 7. HP: 56/63 MP: 6/6
  3827 | D:4      | Reached skill level 5 in Shields
  4049 | D:5      | Entered Level 5 of the Dungeon
  4084 | D:5      | Found a broken altar of Ashenzari.
  4211 | D:5      | Found a sparkling altar of Nemelex Xobeh.
  4966 | D:5      | Found an opulent altar of Gozag.
  4990 | D:5      | Found a hide-covered altar of Uskayaw.
  5071 | D:5      | Reached skill level 7 in Fighting
  5071 | D:5      | Reached XP level 8. HP: 61/73 MP: 7/7
  5159 | D:5      | Found a burning altar of Makhleb.
  5290 | D:6      | Noticed Edmund
  5308 | D:6      | Killed Edmund
  5685 | D:6      | Found a shimmering blue altar of Sif Muna.
  5743 | D:6      | Reached skill level 8 in Fighting
  5919 | D:6      | Found a staircase to the Ecumenical Temple.
  5930 | Temple   | Entered the Ecumenical Temple
  5930 | Temple   | Found a transporter.
  5930 | Temple   | Found a transporter.
  5932 | Temple   | Found a transporter.
  5932 | Temple   | Found a transporter.
  6236 | D:6      | Found a glowing golden altar of the Shining One.
  6474 | D:7      | Reached XP level 9. HP: 82/82 MP: 8/8
  6658 | D:7      | HP: 6/123 [ice beast (14)]
  6787 | D:7      | Reached skill level 9 in Fighting
  6936 | D:7      | Slain by an orc warrior

Illustrated notes

Levels and vault maps discovered:
D:1:      shiori_arrival_elements, layout_loops_ring
D:2:      layout_rooms, basic_altar, uniq_robin
D:3:      layout_basic, mainiacjoe_overflow_concentric_impassable, uniq_terence
D:4:      layout_loops_corners, vehumet_crystals, slow_altar_1,
          gup_sewer_entry_bowl
D:5:      layout_loops_ring, makhleb_grotto_becter,
          mainiacjoe_overflow_alcove_4, nicolae_ashenzari_panopticon,
          nicolae_gozag_cash_rules_everything_around_me,
          nemelex_xobeh_ov_fountains_minmay
D:6:      layout_basic, mainiacjoe_overflow_boulevard,
          nicolae_tso_swordbearing_angel, minmay_temple_entry_stoned_glass,
          uniq_edmund
D:7:      layout_rooms, nicolae_eternal_life
Temple:   hellmonk_temple_divided_pantheon

Skill      XL: |  1  2  3  4  5  6  7  8  9 |
---------------+----------------------------+-----
Armour         | 4 5 6 8 |  8.9
Fighting       | 4 5 6 7 8 9 |  9.0
Axes           | 3 4 5 6 7 8 |  8.5
Shields        | 4 5 6 |  6.8

Action                   |  1- 3 |  4- 6 |  7- 9 || total
-------------------------+-------+-------+-------++-------
Melee: War axe           |    76 |   168 |   252 ||   496
       Headbutt          |    11 |    17 |    45 ||    73
  Use: Scroll            |       |     3 |       ||     3
       Potion            |       |       |     3 ||     3
 Stab: Distracted        |       |       |     1 ||     1
Armor: Scale mail        |    11 |       |       ||    11
       Plate armour      |    60 |     6 |       ||    66
       Chain mail        |       |   118 |   162 ||   280
       Skin              |       |       |    29 ||    29
Dodge: Dodged            |    18 |    51 |    95 ||   164
Block: Buckler           |    19 |    43 |    61 ||   123
